 Dungeon Crawl Stone Soup version 0.17-a0-777-g32247ce (webtiles) character file.

408 Radiman the Cleaver (level 6, 0/51 HPs)
             Began as a Hill Orc Berserker on Apr 25, 2015.
             Was a Believer of Trog.
             Slain by a killer bee (7 damage)
             ... on level 3 of the Dungeon.
             The game lasted 00:07:16 (2661 turns).

Radiman the Cleaver (Hill Orc Berserker)            Turns: 2661, Time: 00:07:17

Health: 0/51       AC:  8    Str: 22    XL:     6   Next: 88%
Magic:  6/6        EV: 10    Int:  7    God:    Trog [**....]
Gold:   83         SH:  0    Dex: 10    Spells: 0 memorised, 5 levels left

rFire  . . .     SeeInvis .     a - +0 hand axe
rCold  . . .     Clarity  .     g - +0 scale mail
rNeg   . . .     SustAb   .     (no shield)
rPois  .         Gourm    .     n - +1 helmet
rElec  .         Spirit   .     (no cloak)
rCorr  .         Warding  .     (no gloves)
rMut   .         Stasis   .     (no boots)
MR     .....                    (no amulet)
Stlth  ..........               (no ring)
                                (no ring)

@: lethally poisoned (0 -> -7), exhausted, not resistant to hostile
enchantments, extremely unstealthy
A: no striking features
a: Burn Spellbooks, Berserk, Trog's Hand, Renounce Religion


You were on level 3 of the Dungeon.
You worshipped Trog.
Trog was pleased with you.
You were not hungry.

You visited 1 branch of the dungeon, and saw 3 of its levels.

You collected 83 gold pieces.

Inventory:

Hand weapons
 a - a +0 hand axe (weapon)
Armour
 g - a +0 scale mail (worn)
 n - a +1 helmet (worn)
Scrolls
 d - a scroll of remove curse
 j - a scroll of enchant weapon {unknown}
 l - a scroll of recharging {unknown}
 m - 2 scrolls of identify {unknown}
Potions
 b - a potion of brilliance {unknown}
 e - 2 potions of curing {unknown}
 f - a potion of restore abilities {unknown}
 k - a potion of resistance {unknown}
 o - a potion of heal wounds {unknown}
Comestibles
 c - 3 bread rations
 h - 3 meat rations


   Skills:
 - Level 3.6 Fighting
 * Level 9.8 Axes
 - Level 2.1 Armour
 - Level 1.5 Dodging


You had 5 spell levels left.
You didn't know any spells.

Dungeon Overview and Level Annotations

Branches:
Dungeon (3/15)

Altars:
Elyvilon
Fedhas
Kikubaaqudgha


Message History

You feel sick.
The killer bee stings you but does no damage. x2
You barely miss the killer bee.
You feel sick. The killer bee stings you. The killer bee stings you.
You closely miss the killer bee.
You feel sick. The killer bee stings you.
* * * LOW HITPOINT WARNING * * *
You hit the killer bee.
The killer bee is lightly wounded.
You feel sick. The killer bee barely misses you.
The killer bee stings you but does no damage.
You miss the killer bee.
The killer bee is lightly wounded.
You feel sick.
The killer bee stings you but does no damage.
You closely miss the killer bee.
The killer bee is lightly wounded.
The killer bee stings you.
* * * LOW HITPOINT WARNING * * *
The killer bee stings you!
You die...

......# #.# #######.....
......# #.# #..........#
......# #.# #..........#
...(..# #.#######..S.......#
......# #..................#
......# #########..........#
......# .. #.......?..# ......#
######.####S.........#
#.#.#...........@yyy.........##
<...# ######.####..............
....# # #.............. ....#
#...........### #.#.#
..............# #.#.#
.............##.. #.#.#
..............# # #.#.#
.............# ..# ..##.#######


You could see 3 killer bees and an adder.

Vanquished Creatures
  Sigmund (D:2)
  The ghost of Lokkij the Poker, an average VSSk of Okawaru (D:3)
  An orc priest (D:3)
  5 adders
  A worm (D:2)
  A giant gecko (D:2)
  3 orcs (D:3)
  8 bats
  A bat zombie (D:2)
  6 giant cockroaches
  3 hobgoblins
  10 jackals (D:2)
  4 giant newts
  8 goblins
  10 kobolds
  6 rats
  5 rat zombies (D:2)
74 creatures vanquished.

Vanquished Creatures (others)
  A human (D:2)
1 creature vanquished.

Grand Total: 75 creatures vanquished

Notes
Turn   | Place    | Note
--------------------------------------------------------------
     0 | D:1      | Radiman, the Hill Orc Berserker, began the quest for the Orb.
     0 | D:1      | Reached XP level 1. HP: 19/19 MP: 1/1
   260 | D:1      | Reached XP level 2. HP: 20/26 MP: 2/2
   473 | D:1      | Reached skill level 5 in Axes
   630 | D:1      | Acquired Trog's second power
   820 | D:1      | Reached XP level 3. HP: 23/31 MP: 3/3
  1276 | D:2      | Noticed Sigmund
  1285 | D:2      | Killed Sigmund
  1285 | D:2      | Reached skill level 8 in Axes
  1285 | D:2      | Reached XP level 4. HP: 39/39 MP: 4/4
  1285 | D:2      | Reached XP level 5. HP: 45/45 MP: 5/5
  1406 | D:2      | Found a white marble altar of Elyvilon.
  1620 | D:2      | Reached XP level 6. HP: 47/51 MP: 6/6
  1748 | D:2      | Found an ancient bone altar of Kikubaaqudgha.
  1796 | D:2      | Found a blossoming altar of Fedhas.
  1981 | D:2      | Found an ancient bone altar of Kikubaaqudgha.
  1982 | D:2      | Noticed a human
  1984 | D:2      | Killed a human
  2415 | D:3      | Reached skill level 9 in Axes
  2620 | D:3      | Noticed Lokkij's ghost (average VSSk)
  2632 | D:3      | Killed Lokkij's ghost
  2661 | D:3      | Slain by a killer bee

Action                   |  1- 3 |  4- 6 || total
-------------------------+-------+-------++-------
Melee: Hand axe          |    92 |   182 ||   274
Invok: Berserk           |     1 |     1 ||     2
  Use: Scroll            |       |     1 ||     1
  Eat: Chunk             |     1 |     7 ||     8
